 Dungeon Crawl Stone Soup version 0.29-a0-520-gc852659d43 (webtiles) character file.

Game seed: 1563431266368140894

60 testman the Ruffian (level 3, -3/28 HPs)
             Began as a Draconian Transmuter on May 31, 2022.
             Slain by a gnoll
             ... wielding a +0 flail
              (5 damage)
             ... on level 2 of the Dungeon.
             The game lasted 00:06:55 (1223 turns).

testman the Ruffian (Draconian Transmuter)          Turns: 1223, Time: 00:06:55

Health: -3/28      AC:  5    Str: 14    XL:     3   Next: 80%
Magic:  3/6        EV: 12    Int: 13    God:
Gold:   70         SH:  0    Dex: 11    Spells: 2/6 levels left

rFire   . . .      SeeInvis .     - Unarmed
rCold   . . .      Faith    .   (no shield)
rNeg    . . .      Spirit   .   (body armour unavailable)
rPois   .          Reflect  .   (helmet currently unavailable)
rElec   .          Harm     .   (no cloak)
rCorr   .          Rampage  .   (no gloves)
Will    .....                   (boots currently unavailable)
Stlth   +.........              (no amulet)
HPRegen 0.09/turn               (no ring)
MPRegen 0.10/turn               (no ring)

@: brilliant, appendages (expiring), wereblooded
A: horns 2, talons 2, AC +5, unfitting armour, cold-blooded
a: End Transformation


You were on level 2 of the Dungeon.
You had temporarily grown beastly horns and talons.
You visited 1 branch of the dungeon, and saw 2 of its levels.

You collected 70 gold pieces.

Inventory:

Missiles
 d - 4 poisoned darts
 e - 62 stones
Scrolls
 b - a scroll of fog {unknown}
 c - 3 scrolls of teleportation {unknown}
 g - a scroll of poison {unknown}
 h - a scroll of amnesia {unknown}
 j - a scroll of enchant armour {unknown}
 k - a scroll of torment {unknown}
 o - a scroll of fear {unknown}
Potions
 a - a potion of lignification
 f - a potion of brilliance
 i - 2 potions of heal wounds {unknown}
 l - 2 potions of haste {unknown}
 m - a potion of might {unknown}
 n - a potion of attraction {unknown}


   Skills:
 - Level 1.1 Fighting
 - Level 1.7 Dodging
 + Level 3.5 Unarmed Combat
 - Level 2.0 Spellcasting
 + Level 3.5 Transmutations
 + Level 0.8 Poison Magic


You had 2 spell levels left.
You knew the following spells:

 Your Spells              Type           Power      Damage    Failure   Level
a - Beastly Appendage     Tmut           30%        N/A       6%          1
b - Wereblood             Tmut           15%        N/A       9%          2
c - Sting                 Tmut/Pois      40%        1d5       11%         1

Your spell library contained the following spells:

 Spells                   Type           Power      Damage    Failure   Level
 Poisonous Vapours        Pois/Air       6%         N/A       32%         2
 Spider Form              Tmut/Pois      10%        N/A       32%         3
 Ice Form                 Ice/Tmut       8%         N/A       77%         4
 Olgreb's Toxic Radiance  Pois           5%         N/A       88%         4
 Anguish                  Hex/Necr       0%         N/A       94%         4
 Dispersal                Tloc           0%         N/A       100%        6
 Enfeeble                 Hex            0%         N/A       100%        7
 Disjunction              Tloc           0%         N/A       100%        8


Dungeon Overview and Level Annotations

Branches:
Dungeon (2/15)

Altars:


Innate Abilities, Weirdness & Mutations

You have temporarily grown beastly horns and talons.
Your plain brown scales are hard. (AC +5)
You cannot fit into any form of body armour.
You are cold-blooded and may be slowed by cold attacks.


Message History

The gnoll shouts!
The gnoll closely misses you.
You closely miss the gnoll. You claw the gnoll.
Your tail-slap misses the gnoll.
The gnoll is severely wounded.
The gnoll hits you with a +0 halberd!
Ouch! That really hurt!
* * * LOW HITPOINT WARNING * * *
You hit the gnoll.
You feel a bit better.
You kill the gnoll!
You howl as the wereblood boils in your veins!
You hit the goblin. Your headbutt misses the goblin.
The goblin is moderately wounded.
The goblin barely misses you.
You closely miss the goblin. Your kick misses the goblin.
Your headbutt misses the goblin.
The goblin is moderately wounded.
The goblin hits you but does no damage.
You closely miss the goblin.
The goblin is moderately wounded.
Your transformation is almost over.
The goblin barely misses you.
You hit the goblin.
You feel a bit better.
You kill the goblin!
You hit the gnoll but do no damage. You claw the gnoll.
The gnoll is heavily wounded.
The gnoll hits you with a +0 flail.
* * * LOW HITPOINT WARNING * * *
The gnoll hits you but does no damage.
You barely miss the gnoll. Your kick misses the gnoll.
Your tail-slap misses the gnoll.
The gnoll is heavily wounded.
The gnoll misses you.
The gnoll hits you from afar with a +0 spear.
* * * LOW HITPOINT WARNING * * *
It was a potion of brilliance.
You feel clever all of a sudden.
The giant cockroach waves its antennae.
The gnoll hits you with a +0 flail.
You die...

###########
#..@gggB...
#.########. #.#
##########.###
##............#####
#...........#......
#..##..............
##..##.....########.
#.............#####


You could see 3 gnolls and a giant cockroach.

Vanquished Creatures
  A gnoll (D:2)
  4 bats (D:1)
  4 endoplasms (D:1)
  A giant cockroach (D:1)
  5 goblins
  4 hobgoblins (D:1)
  7 jackals (D:1)
  2 quokkas (D:2)
  5 ball pythons
  A frilled lizard (D:1)
  6 kobolds
  A rat (D:2)
41 creatures vanquished.

Notes
Turn   | Place    | Note
-------+----------+-------------------------------------------
     0 | D:1      | testman the Draconian Transmuter began the quest for the
                  | Orb.
     0 | D:1      | Reached XP level 1. HP: 16/16 MP: 3/3
   128 | D:1      | Reached XP level 2. HP: 19/23 MP: 3/5
   139 | D:1      | Learned a level 2 spell: Wereblood
   486 | D:1      | You fall into a shaft and drop 1 floor!
   551 | D:1      | Reached XP level 3. HP: 28/28 MP: 1/6
   729 | D:1      | Learned a level 1 spell: Sting
  1223 | D:2      | Slain by a gnoll

Illustrated notes

Levels and vault maps discovered:
D:1:      ncdulo_watergridlock, layout_rooms, minmay_tall_x
D:2:      layout_loops_ring, uniq_natasha

Skill      XL: |  1  2 |
---------------+-------+-----
Transmutations | 3 |  3.5
Fighting       | |  1.1
Dodging        | |  1.7
Unarmed Combat | |  3.5
Spellcasting   | |  2.0
Poison Magic   | |  0.8

Action                   || total
-------------------------++-------
Melee: Unarmed           ||    90
       Headbutt          ||    12
       Kick              ||    24
       Tailslap          ||     8
 Cast: Beastly Appendage ||    17
       Wereblood         ||     5
       Sting             ||     1
  Use: Potion            ||     1
Armor: Skin              ||    30
Dodge: Dodged            ||    68

Table legend: (Time is in decaauts)
 A = Elapsed time spent in this place.
 B = Non-inter-level travel time spent in this place.
 C = Inter-level travel time spent in this place.
 D = Time resting spent in this place.
 E = Time spent auto-exploring this place.
 F = Levels seen in this place.
 G = Mean time per level.
                   A        B        C        D        E       F      G
               +--------+--------+--------+--------+--------+-----+--------+
         Total |   1219 |   1196 |     23 |    192 |    761 |   2 |  609.5 |
       Dungeon |   1219 |   1196 |     23 |    192 |    761 |   2 |  609.5 |
               +--------+--------+--------+--------+--------+-----+--------+

Top non-repeatable levels by time:
     D:1: 901 daAuts
     D:2: 318 daAuts
